 Dungeon Crawl Stone Soup version 0.18-a0-1692-g516f9e9 (webtiles) character file.

37823 xeno23 the Cleaver (level 13, -8/175 HPs)
             Began as a Grey Draconian Berserker on Apr 5, 2016.
             Was an Elder of Trog.
             Mangled by a 14-headed hydra (13 damage)
             ... on level 14 of the Dungeon.
             The game lasted 01:27:33 (16636 turns).

xeno23 the Cleaver (Grey Draconian Berserker)      Turns: 16636, Time: 01:27:34

Health: -8/175     AC: 15    Str: 25    XL:     13   Next: 60%
Magic:  0/6        EV: 20    Int:  8    God:    Trog [****..]
Gold:   994        SH:  0    Dex: 17    Spells: 0 memorised, 12 levels left

rFire  + . .     SeeInvis .     p - +4 executioner's axe (antimagic)
rCold  . . .     Gourm    .     (armour unavailable)
rNeg   . . .     Faith    .     (shield currently unavailable)
rPois  +         Spirit   +     J - +0 hat {Spirit}
rElec  .         Dismiss  .     g - +0 cloak
rCorr  .         Reflect  .     o - +0 pair of gloves
SustAt .         Harm     .     (no boots)
MR     +....                    (no amulet)
Stlth  ..........               P - ring of poison resistance
                                D - ring of protection from fire

@: berserking, very quick, somewhat resistant to hostile enchantments, extremely
unstealthy
A: walk through water, unfitting armour, agile 1, magic resistance 1,
unbreathing, cold-blooded, AC +13
a: Berserk, Trog's Hand, Brothers in Arms, Burn Spellbooks, Renounce Religion


You were on level 14 of the Dungeon.
You worshipped Trog.
Trog was greatly pleased with you.
You were not hungry.

You visited 1 branch of the dungeon, and saw 15 of its levels.
You also visited: Ossuary.

You collected 994 gold pieces.

Inventory:

Hand Weapons
 p - a +4 antimagic executioner's axe (weapon)
Missiles
 N - 19 javelins of returning (quivered)
Armour
 g - a +0 cloak (worn)
 o - a +0 pair of gloves (worn)
 J - a +0 hat of spirit shield (worn)
Jewellery
 D - a ring of protection from fire (left hand)
 P - a ring of poison resistance (right hand)
Wands
 a - a wand of disintegration (4/24)
 e - a wand of polymorph (4/24)
 w - a wand of enslavement (14/24)
 y - a wand of iceblast (1/15)
 H - a wand of heal wounds (0/9)
 K - a wand of acid (7/15)
 L - a wand of disintegration (12/24)
Scrolls
 d - a scroll of fog
 f - 4 scrolls of remove curse
 l - 3 scrolls of blinking
 r - a scroll of brand weapon
 s - a scroll of holy word {unknown}
 v - 3 scrolls of recharging
 z - 5 scrolls of magic mapping
 B - 2 scrolls of immolation {unknown}
 F - 3 scrolls of enchant weapon
Potions
 c - 6 potions of curing
 h - 3 potions of agility
 i - a potion of haste {unknown}
 j - 4 potions of flight
 k - a potion of ambrosia
 m - 4 potions of lignification
 t - 3 potions of berserk rage
 A - a potion of invisibility
 C - a potion of cure mutation
 E - a potion of brilliance
 I - a potion of mutation {unknown}
Comestibles
 b - 4 bread rations
 n - 7 meat rations
 x - 5 royal jellies


   Skills:
 + Level 11.9 Fighting
 * Level 14.7 Axes
 + Level 6.0 Throwing
 + Level 10.2 Dodging
 + Level 8.5 Evocations


You had 12 spell levels left.
You didn't know any spells.

Dungeon Overview and Level Annotations

Branches:
Dungeon (15/15)            Temple (0/1) D:5            Lair (0/8) D:9
    Orc (0/2) D:9
 Vaults: D:13-14     Depths: D:15

Altars:
Cheibriados
Dithmenos
Elyvilon
Fedhas
Gozag
Kikubaaqudgha
Makhleb
Okawaru
Pakellas
Ru
Sif Muna
Vehumet
Xom
Yredelemnul
The Shining One

Shops:
D:2 }   D:4 (   D:10 *   D:12 (   D:13 :

Portals:
Trove: D:12 (show abyssal rune of Zot)


Innate Abilities, Weirdness & Mutations

You can walk through water.
Your dull iron-grey scales are very hard (AC +13).
Your body does not fit into most forms of armour.
You can survive without breathing.
You are cold-blooded and may be slowed by cold attacks.
You are agile. (Dex +2)
You are resistant to hostile enchantments.


Message History

The 13-headed hydra completely misses you.
The 13-headed hydra bites you!
* * * LOW HITPOINT WARNING * * *
The 13-headed hydra misses you. x2
The 13-headed hydra completely misses you.
You take 44 damage.
You hack one of the 13-headed hydra's heads off!
The 12-headed hydra grows two more!
You slash the 14-headed hydra!
Your tail-slap misses the 14-headed hydra.
The 14-headed hydra is almost dead.
The 14-headed hydra completely misses you.
The 14-headed hydra closely misses you. x2
The 14-headed hydra bites you but does no damage.
The 14-headed hydra bites you!
* * * LOW HITPOINT WARNING * * *
The 14-headed hydra bites you but does no damage. x2
The 14-headed hydra closely misses you. The 14-headed hydra bites you.
* * * LOW HITPOINT WARNING * * *
The 14-headed hydra bites you!
You die...

##....#####.[###...## ##...#...
......# ##.##...## ##(.(..#
.#.(..# ###...## ##...## ###...#
#...## ###### # ##..# #.[###### #
#..## #((# #..# # ##...###
##[####.# # #..#...## #.(..#.###
####### # #.####..##
#.#@.....#####...... ##........#
#.#)D....##....##...
##...#########.#...|..<.D#####.##
#....# ##.(.......###{W....#
#.##.# #.>........###.######
#..#.# ####.(.#......##..# .....#
#...(..########p.## #.####
#......# ######D#### .....#
#......# #.........#


You could see a 14-headed hydra.

Vanquished Creatures
  A frost giant (D:14)
  A vault guard (D:13)
  Erolcha (D:9)
  2 hydras
  2 centaur warriors (D:14)
  A tengu warrior (D:14)
  Sonja (D:13)
  2 skeletal warriors
  A flayed ghost (D:14)
  A deep elf archer (D:14)
  A wizard (D:14)
  5 hill giants
  5 ugly things (D:14)
  2 cyclopes (D:14)
  A salamander (shapeshifter) (D:14)
  2 manticores
  Maurice (D:11)
  3 gargoyles (D:10)
  3 kobold demonologists (D:15)
  A komodo dragon (D:13)
  A yaktaur (D:14)
  6 trolls
  A queen bee (D:8)
  4 slime creatures
  A two-headed ogre (D:14)
  The ghost of Xenophilius the Sneak, an amateur OpAs (D:5)
  8 redbacks (D:14)
  A centaur simulacrum (D:14)
  Sigmund (D:5)
  4 shadows
  2 wyverns
  5 wraiths
  4 yaks (D:9)
  A basilisk (D:14)
  3 hungry ghosts
  4 vampire mosquitoes (D:14)
  5 hippogriffs
  A mottled dragon (D:14)
  A soldier ant (D:13)
  5 water moccasins
  A sky beast (D:5)
  6 orc warriors
  3 ice beasts
  2 black bears
  2 necrophages
  An eye of draining (D:9)
  3 wasps
  9 centaurs
  3 ogres
  3 elf zombies
  6 big kobolds
  Blork the orc (D:4)
  7 giant frogs
  2 wyvern zombies
  2 elf skeletons (D:5)
  5 gnoll sergeants (D:9)
  4 scorpions
  A troll zombie (D:11)
  24 killer bees
  5 howler monkeys
  2 centaur zombies
  7 crimson imps
  2 jellies
  A quasit (D:9)
  3 giant frog zombies
  A gnoll shaman (D:6)
  6 orc priests
  3 centaur skeletons
  7 orc wizards
  5 hounds
  2 human zombies (D:11)
  2 iguanas
  2 human skeletons
  A giant frog skeleton (D:7)
  10 worker ants
  An ogre zombie (D:11)
  4 mummies
  2 howler monkey skeletons
  14 gnolls
  12 adders
  2 shadow imps
  4 oozes
  An adder zombie (D:9)
  An adder skeleton (D:4)
  A worm (D:4)
  5 dart slugs
  7 giant geckos
  54 orcs
  2 ball pythons
  9 giant cockroaches
  11 goblins
  12 hobgoblins
  19 jackals
  7 quokkas
  10 bats
  8 giant newts
  A goblin zombie (Ossuary)
  15 kobolds
  2 orc skeletons (D:5)
  3 orc zombies (Ossuary)
  10 rats
457 creatures vanquished.

Vanquished Creatures (collateral kills)
  7 skeletal warriors
  An ugly thing (D:14)
  3 cyclopes (D:14)
  A centaur zombie (D:13)
  A gargoyle (D:14)
  An efreet (D:14)
  2 elf zombies (Ossuary)
  A hound (D:14)
  A human zombie (Ossuary)
  A worker ant (D:14)
  A big kobold zombie (Ossuary)
  A hound zombie (Ossuary)
  3 mummies (Ossuary)
  An adder zombie (Ossuary)
  A hobgoblin zombie (Ossuary)
  An orc zombie (Ossuary)
27 creatures vanquished.

Vanquished Creatures (others)
  An iguana (D:4)
1 creature vanquished.

Grand Total: 485 creatures vanquished

Notes
Turn   | Place    | Note
--------------------------------------------------------------
     0 | D:1      | xeno23 the Draconian Berserker began the quest for the Orb.
     0 | D:1      | Reached XP level 1. HP: 19/19 MP: 1/1
   183 | D:1      | Reached XP level 2. HP: 11/26 MP: 2/2
   387 | D:1      | Reached ** piety under Trog
   428 | D:1      | Reached XP level 3. HP: 31/31 MP: 3/3
   813 | D:2      | Reached skill level 4 in Axes
   899 | D:2      | Reached XP level 4. HP: 36/40 MP: 4/4
   982 | D:2      | Found an iron altar of Okawaru.
  1038 | D:2      | Found an oddly glowing altar of Pakellas.
  1038 | D:2      | Found Pakellas's Prime Provisions.
  1142 | D:2      | Reached *** piety under Trog
  1850 | D:3      | Reached XP level 5. HP: 6/47 MP: 5/5
  1957 | D:3      | You fall through a shaft for 3 floors!
  2045 | D:6      | Reached skill level 5 in Axes
  2160 | D:6      | Found an ancient bone altar of Kikubaaqudgha.
  2167 | D:6      | Reached XP level 6. HP: 38/55 MP: 6/6
  2243 | D:5      | Entered Level 5 of the Dungeon
  2258 | D:5      | Found a staircase to the Ecumenical Temple.
  2274 | D:5      | Reached **** piety under Trog
  2314 | D:5      | Reached skill level 5 in Fighting
  2348 | D:5      | Noticed Xenophilius's ghost (amateur OpAs)
  2378 | D:5      | Noticed a sky beast
  2407 | D:5      | Reached skill level 6 in Axes
  2407 | D:5      | HP: 4/84 [something (5)]
  2416 | D:5      | Found a sand-covered staircase.
  2421 | Ossuary  | Entered an ossuary
  2431 | Ossuary  | Your scales start taking on a dull iron-grey colour.
  2431 | Ossuary  | Reached XP level 7. HP: 22/61 MP: 7/7
  2431 | Ossuary  | Gained mutation: You can survive without breathing. [Grey Draconian growth]
  2682 | D:5      | Killed Xenophilius's ghost
  2687 | D:5      | Reached skill level 7 in Axes
  2740 | D:5      | Reached XP level 8. HP: 57/70 MP: 8/8
  2749 | D:5      | Reached skill level 5 in Dodging
  3013 | D:5      | Found a deep blue altar of Sif Muna.
  3140 | D:5      | Noticed Sigmund
  3146 | D:5      | Killed Sigmund
  3146 | D:5      | Reached skill level 8 in Axes
  3432 | D:4      | Found a shimmering altar of Xom.
  3521 | D:4      | Found a sacrificial altar of Ru.
  3657 | D:4      | Found Ohyg's Weapon Shop.
  3782 | D:4      | Noticed Blork the orc
  3792 | D:4      | Killed Blork the orc
  4923 | D:6      | Found a blossoming altar of Fedhas.
  4930 | D:6      | Reached skill level 9 in Axes
  4931 | D:6      | Reached XP level 9. HP: 79/79 MP: 9/9
  4939 | D:6      | Found a basalt altar of Yredelemnul.
  4939 | D:6      | Found a glowing golden altar of the Shining One.
  4939 | D:6      | Found a deep blue altar of Sif Muna.
  4994 | D:6      | Found an opulent altar of Gozag.
  5034 | D:6      | Found a white marble altar of Elyvilon.
  5363 | D:7      | Found a shadowy altar of Dithmenos.
  6323 | D:7      | Received a gift from Trog
  6400 | D:8      | Reached skill level 1 in Evocations
  6401 | D:8      | Reached skill level 10 in Axes
  6929 | D:8      | Noticed a queen bee
  6939 | D:8      | Killed a queen bee
  7000 | D:8      | Gained mutation: You are resistant to hostile enchantments. [potion of beneficial mutation]
  7001 | D:8      | Gained mutation: You are agile. (Dex +2) [potion of beneficial mutation]
  7020 | D:8      | Reached XP level 10. HP: 77/90 MP: 7/11
  7040 | D:8      | Found a snail-covered altar of Cheibriados.
  7146 | D:8      | Found a burning altar of Makhleb.
  7186 | D:8      | Reached ***** piety under Trog
  7491 | D:8      | Found a radiant altar of Vehumet.
  7636 | D:9      | Noticed Erolcha
  7660 | D:9      | Killed Erolcha
  8086 | D:9      | You fall through a shaft for 3 floors!
  8122 | D:12     | Reached skill level 11 in Axes
  8318 | D:11     | Noticed Maurice
  8525 | D:11     | Noticed a hill giant
  8536 | D:11     | Killed a hill giant
  8658 | D:11     | Killed Maurice
  8698 | D:11     | Received a gift from Trog
  8900 | D:10     | Entered Level 10 of the Dungeon
  8900 | D:10     | Noticed a gargoyle
  8912 | D:10     | Killed a gargoyle
  8967 | D:10     | Found Vehepu's Serpentskin Sales.
  8988 | D:10     | Noticed a gargoyle
  9000 | D:10     | Killed a gargoyle
  9000 | D:10     | Reached XP level 11. HP: 66/97 MP: 3/14
  9339 | D:9      | Found a staircase to the Lair.
  9478 | D:9      | Reached skill level 12 in Axes
  9631 | D:9      | Found a staircase to the Orcish Mines.
  9637 | D:9      | Reached skill level 5 in Evocations
  9895 | D:9      | Reached skill level 1 in Throwing
 10528 | D:11     | Found a basalt altar of Yredelemnul.
 10559 | D:11     | Reached skill level 10 in Fighting
 10701 | D:12     | Noticed a five-headed hydra
 10726 | D:12     | Killed an eight-headed hydra
 10817 | D:12     | Received a gift from Trog
 10923 | D:12     | Noticed a skeletal warrior
 10924 | D:12     | Noticed a skeletal warrior
 10927 | D:12     | Noticed a skeletal warrior
 10927 | D:12     | Noticed a skeletal warrior
 10931 | D:12     | Noticed a skeletal warrior
 10933 | D:12     | Killed a skeletal warrior
 10944 | D:12     | Killed a skeletal warrior
 10944 | D:12     | Killed a skeletal warrior
 10946 | D:12     | Killed a skeletal warrior
 10948 | D:12     | Killed a skeletal warrior
 11414 | D:12     | Reached XP level 12. HP: 107/107 MP: 12/16
 11467 | D:12     | Reached skill level 13 in Axes
 11522 | D:12     | Found a portal to a secret trove of treasure.
 11965 | D:12     | Found Silotus's Antique Weapon Shoppe.
 12120 | D:13     | Noticed Sonja
 12184 | D:13     | Found Coatio's Book Shoppe.
 12534 | D:13     | Killed Sonja
 12534 | D:13     | Received a gift from Trog
 13009 | D:14     | Noticed a tengu warrior
 13049 | D:14     | Killed a tengu warrior
 13199 | D:14     | Noticed a centaur warrior
 13202 | D:14     | Noticed a centaur warrior
 13204 | D:14     | Noticed a seven-headed hydra
 13219 | D:14     | HP: 4/110 [centaur warrior/poisoned arrow (20)]
 13220 | D:15     | Entered Level 15 of the Dungeon
 13220 | D:15     | HP: 1/110 [poisoned by a centaur warrior]
 14442 | D:14     | Reached skill level 5 in Throwing
 14449 | D:14     | HP: 4/110 [yaktaur/poisoned bolt (36)]
 14473 | D:14     | Killed a centaur warrior
 14473 | D:14     | Reached skill level 14 in Axes
 14482 | D:14     | Reached XP level 13. HP: 49/116 MP: 1/18
 14517 | D:14     | Noticed a frost giant
 14523 | D:14     | HP: 2/174 [frost giant/battleaxe of freezing (8)]
 14526 | D:14     | Killed a frost giant
 14974 | D:14     | HP: 5/174 [centaur warrior (8)]
 15398 | D:14     | Noticed a vault guard
 15790 | D:14     | Reached skill level 10 in Dodging
 15796 | D:13     | Killed a vault guard
 16636 | D:14     | HP: 5/175 [14-headed hydra (5)]
 16636 | D:14     | Mangled by a 14-headed hydra

Vault maps used:
D:1:      evilmike_arrival_crescent, hex_tiny
D:2:      johnstein_pakellas_shop, okawaru_ov_weapons_minmay
D:4:      nicolae_ru_the_path_less_chosen, serial_shops,
          nicolae_shop_behind_doors, xom_confusion_cloud, uniq_blork_the_orc
D:5:      minmay_temple_entry_hall, nicolae_ossuary_entry_catacombs,
          first_bread, minivault_11, led_sif_pool, uniq_sigmund
D:6:      grunt_temple_overflow_open, kennysheep_mini,
          nicolae_overflow_hidden_temple, lemuel_statue_altar
D:7:      lemuel_crystal_altar
D:8:      makhleb_grotto_becter, kennysheep_little_box,
          cheibriados_altar_wand_db, david_nohive_1
D:9:      lair_0_dummy, kennysheep_orc_monster_closet_entryway, uniq_erolcha
D:10:     guppyfry_shop_venom
D:11:     lemuel_mausoleum_altar_yredelemnul, uniq_maurice
D:12:     serial_shops, shop, enter_trove_1
D:13:     serial_shops, nicolae_shop_temple_entry_statues_fountains, uniq_sonja
D:14:     evilmike_diamond_1, david_vaults_5, hangedman_abyss_or_decor_passed,
          spider_trap, corexii_checkpoint_a
D:15:     grunt_enter_depths_magical_seal, serial_bayou_pond_b, st_stairs_13,
          grunt_decor_mini_mirrors, nrook_loot_triangle, nrook_uturn,
          nicolae_tso_swordbearing_angel, uniq_agnes
Ossuary:  ossuary_minmay_tomb_2a

Skill      XL: |  1  2  3  4  5  6  7  8  9 10 11 12 13 |
---------------+----------------------------------------+-----
Dodging        | 3 4 5 7 8 9 10 | 10.2
Axes           | 4 5 6 7 9 10 11 12 14 | 14.7
Fighting       | 4 5 6 7 8 9 10 11 | 11.9
Evocations     | 2 4 6 7 8 |  8.5
Throwing       | 3 5 6 |  6.0

Action                   |  1- 3 |  4- 6 |  7- 9 | 10-12 | 13-15 || total
-------------------------+-------+-------+-------+-------+-------++-------
Melee: Hand axe          |   104 |    53 |       |       |       ||   157
       War axe           |       |   104 |   420 |   176 |       ||   700
       Battleaxe         |       |       |       |   328 |       ||   328
       Executioner's axe |       |       |       |   160 |   156 ||   316
       Unarmed           |       |       |       |     2 |       ||     2
Throw: Javelin           |       |       |       |     5 |       ||     5
Invok: Berserk           |     2 |     3 |     6 |    13 |     6 ||    30
       Trog's Hand       |       |     2 |     2 |     3 |     2 ||     9
       Brothers in Arms  |       |     1 |       |     4 |     4 ||     9
       Burn Spellbooks   |       |       |       |     3 |       ||     3
Evoke: Wand              |       |       |     1 |    13 |     3 ||    17
  Use: Potion            |       |     2 |     3 |     3 |     2 ||    10
       Scroll            |       |     9 |    10 |    12 |     2 ||    33
 Stab: Sleeping          |     1 |     1 |     1 |     3 |       ||     6
       Distracted        |       |       |     1 |       |     1 ||     2
       Invisible         |       |       |       |     1 |       ||     1
  Eat: Chunk             |     2 |     7 |    21 |    39 |     7 ||    76
       Pizza             |       |       |     1 |       |       ||     1
       Beef jerky        |       |       |       |     2 |       ||     2
       Royal jelly       |       |       |       |     2 |     3 ||     5
       Fruit             |       |       |       |     2 |     1 ||     3
